 Dungeon Crawl Stone Soup version 0.27.0-1-g7a089689b8 (webtiles) character file.

Game seed: 11707376123532698583

31571 Armakuni the Destroyer (level 13, -5/91 HPs)
             Began as a Human Wanderer on Aug 10, 2021.
             Was an Elder of Vehumet.
             Slain by Rupert (31 damage)
             ... on level 3 of the Lair of Beasts on Aug 11, 2021.
             The game lasted 01:04:24 (17628 turns).

Armakuni the Destroyer (Human Wanderer)            Turns: 17628, Time: 01:04:24

Health: -5/91      AC: 15    Str: 16    XL:     13   Next: 97%
Magic:  34/36      EV: 13    Int: 16    God:    Vehumet [****..]
Gold:   369        SH:  0    Dex: 11    Spells: 12/32 levels left

rFire    . . .     SeeInvis .   a - +9 quarterstaff (vorpal)
rCold    . . .     Faith    .   (shield currently unavailable)
rNeg     . . .     Spirit   .   e - +3 troll leather armour
rPois    +         Reflect  .   C - +2 helmet
rElec    .         Harm     .   k - +0 cloak
rCorr    .         Rampage  .   o - +0 pair of gloves
Will     .....                  c - +1 pair of boots
Stlth    +.........             R - amulet of regeneration
HPRegen  2.25/turn              P - ring of poison resistance
MPRegen  0.25/turn              F - ring of magical power

@: about to teleport, very slightly contaminated, invisible
A: no striking features
a: Renounce Religion


You were on level 3 of the Lair of Beasts.
You worshipped Vehumet.
Vehumet was greatly pleased with you.
You visited 4 branches of the dungeon, and saw 19 of its levels.

You collected 585 gold pieces.
You spent 216 gold pieces at shops.

Inventory:

Hand Weapons
 a - a +9 vorpal quarterstaff (weapon)
Missiles
 B - a throwing net
Armour
 c - a +1 pair of boots (worn)
 e - a +3 troll leather armour (worn)
 k - a +0 cloak (worn)
 o - a +0 pair of gloves (worn)
 C - a +2 helmet (worn)
Magical Staves
 H - a staff of fire
Jewellery
 z - a +6 ring of strength
 F - a ring of magical power (right hand)
 I - a ring of protection from fire
 P - a ring of poison resistance (left hand)
 R - an amulet of regeneration (around neck)
Wands
 h - a wand of acid (6)
 m - a wand of mindburst (11)
 p - a wand of polymorph (16)
 y - a wand of flame (33)
Scrolls
 b - a scroll of enchant weapon
 d - a scroll of identify
 i - 3 scrolls of magic mapping
 j - 5 scrolls of torment
 l - a scroll of amnesia
 t - 2 scrolls of teleportation
 u - 3 scrolls of noise
 v - 3 scrolls of immolation
 x - 3 scrolls of fog
 G - a scroll of fear
Potions
 f - 3 potions of curing
 g - 3 potions of flight
 q - 3 potions of mutation
 r - 2 potions of haste
 s - 2 potions of heal wounds
 w - 2 potions of lignification
 A - 2 potions of attraction
 D - 4 potions of cancellation
 E - a potion of magic


   Skills:
 - Level 5.2 Fighting
 - Level 4.2 Staves
 - Level 2.0 Bows
 - Level 5.0 Armour
 - Level 5.0 Dodging
 - Level 1.0 Stealth
 - Level 10.0 Spellcasting
 + Level 13.2 Conjurations
 - Level 2.0 Summonings
 - Level 3.0 Fire Magic
 - Level 10.0 Earth Magic
 - Level 5.0 Evocations


You had 12 spell levels left.
You knew the following spells:

 Your Spells              Type           Power      Damage    Failure   Level
b - Blink                 Tloc           N/A        N/A       16%         2
c - Conjure Flame         Conj/Fire      34%        6-21      1%          3
f - Sticky Flame          Conj/Fire      34%        2d5       1%          4
m - Mephitic Cloud        Conj/Pois/Air  22%        N/A       1%          3
s - Iron Shot             Conj/Erth      22%        9d5       4%          6
z - Searing Ray           Conj           100%       3d7       1%          2

Your spell library contained the following spells:

 Spells                   Type           Power      Damage    Failure   Level
 Iskenderun's Battlesphe  Conj           50%        2d10      1%          5
 Foxfire                  Conj/Fire      100%       2x1d9     1%          1
 Magic Dart               Conj           100%       1d8       1%          1
 Sandblast                Erth           80%        2d17      1%          1
 Dazzling Flash           Conj/Hex       58%        N/A       1%          3
 Stone Arrow              Conj/Erth      90%        3d12      1%          3
 Bolt of Magma            Conj/Fire/Erth 18%        4d10      2%          5
 Call Imp                 Summ           14%        N/A       7%          2
 Animate Armour           Summ/Erth      54%        N/A       9%          4
 Ensorcelled Hibernation  Hex/Ice        16%        N/A       16%         2
 Slow                     Hex            8%         N/A       16%         2
 Summon Ice Beast         Ice/Summ       11%        N/A       56%         4
 Summon Mana Viper        Hex/Summ       11%        N/A       89%         5
 Statue Form              Tmut/Erth      16%        N/A       91%         6
 Agony                    Necr           8%         N/A       96%         5
 Blade Hands              Tmut           4%         N/A       96%         5
 Manifold Assault         Tloc           8%         N/A       96%         5
 Silence                  Hex/Air        4%         N/A       96%         5
 Death Channel            Necr           4%         N/A       100%        6
 Monstrous Menagerie      Summ           7%         N/A       100%        7
 Storm Form               Tmut/Air       4%         N/A       100%        7
 Shatter                  Erth           20%        3d18*     100%        9


Dungeon Overview and Level Annotations

Branches:
Dungeon (12/15)            Temple (1/1) D:5            Lair (5/6) D:11
 Shoals (0/4) Lair:2       Spider (0/4) Lair:2          Orc (1/2) D:10
  Slime: Lair:5-6

Altars:
Ashenzari
Cheibriados
Dithmenos
Elyvilon
Fedhas
Gozag
Hepliaklqana
Kikubaaqudgha
Makhleb
Nemelex Xobeh
Okawaru
Qazlal
Ru
Sif Muna
Trog
Uskayaw
Vehumet
Wu Jian
Xom
Yredelemnul
Zin
The Shining One

Shops:
D:6 =   D:11 *

Annotations:
D:2 Sigmund
D:3 Grinder
Lair:3 Rupert


Message History

Okay, then.
You fade into invisibility!
Rupert shouts!
You are very lightly contaminated with residual magic.
Press: ? - help, v - describe, . - travel
Here: Rupert, wielding a +5 great mace of protection and wearing a +0 leather armour The floor.
Aiming: Polymorph
Press: ? - help, Shift-Dir - straight line, f - Rupert
Aim: Rupert, wielding a +5 great mace of protection and wearing a +0 leather armour (will become a shadow dragon, an iron troll, or a purple draconian, chance to affect: 5%) Rupert resists with almost no effort.
Aiming: Polymorph
Press: ? - help, Shift-Dir - straight line, f/p - Rupert
Aim: Rupert, wielding a +5 great mace of protection and wearing a +0 leather armour (will become a shadow dragon, an iron troll, or a purple draconian, chance to affect: 5%) Rupert resists with almost no effort.
Okay, then.
Unknown command.
Aiming: Polymorph
Press: ? - help, Shift-Dir - straight line, f/p - Rupert
Aim: Rupert, wielding a +5 great mace of protection and wearing a +0 leather armour (will become a shadow dragon, an iron troll, or a purple draconian, chance to affect: 5%) Rupert resists with almost no effort.
Rupert yells loudly at you.
You struggle to resist.
The walls and floor vibrate strangely for a moment.
Rupert roars madly and goes into a rage!
Rupert goes berserk!
The wyvern hisses angrily.
Rupert rages. x2
Rupert rages.
There is a stone staircase leading up, spattered with blood here.
Rupert hits you with a +5 great mace of protection!!
Rupert hits you with a +5 great mace of protection!!!
* * * LOW HITPOINT WARNING * * *
You hear an angry hiss.
You climb upwards.
There is a stone staircase leading down here.
As you read the scroll of teleportation, it crumbles to dust.
You feel strangely unstable.
Rupert hits you with a +5 great mace of protection!!
You die...

#..##....##.....##....
#...##..###.........##
#..###..#.#.......#.#.
#.....................
#.....................
#.....................
##............>........
#......................
##....@................
#.....@........##.##...
##.###...##..>..##.#...
#....#.P.##............
#........##....##......
##.#P....##....##.....#
##.##....##.....##..#.#
#P..#....##....#.#.#.'#
##.########............


You could see Rupert (berserk).

Vanquished Creatures
  Fannar (Lair:2)
  Erolcha (D:9)
  4 hydras
  2 two-headed ogres
  Pikel (D:6)
  A lindwurm (Lair:4)
  An ugly thing (D:12)
  2 manticores
  4 elephants (Lair:2)
  A black mamba (Lair:5)
  Joseph (D:7)
  9 cane toads
  A centaur skeleton (D:11)
  5 rime drakes
  3 komodo dragons
  A troll (D:9)
  2 hellwings
  A polar bear (Lair:3)
  7 blink frogs
  A meliai zombie (D:11)
  A hornet (D:9)
  2 dream sheep
  A shadow (D:11)
  A wraith (D:12)
  5 wyverns
  3 basilisks (Lair:1)
  29 yaks
  Grum (D:11)
  Menkaure (D:5)
  2 vampire mosquitoes (D:12)
  Edmund (D:6)
  6 water moccasins
  6 orc warriors
  An ice beast (D:4)
  3 black bears
  3 ogres
  3 necrophages
  11 centaurs
  18 wolves
  A phantom (D:5)
  4 lemures (D:5)
  A kobold brigand (D:8)
  12 bullfrogs
  Blork the orc (D:6)
  A wyvern zombie (D:7)
  A scorpion (D:5)
  A water moccasin skeleton (D:4)
  7 killer bees
  4 wights (D:8)
  6 howler monkeys
  A bullfrog zombie (D:5)
  A hound (D:5)
  7 centaur zombies
  2 jellies
  A bullfrog skeleton (D:5)
  13 orc priests
  Crazy Yiuf (D:3)
  3 iguanas
  A scorpion zombie (D:5)
  Ijyb (D:3)
  18 orc wizards
  2 killer bee zombies
  A howler monkey skeleton (D:4)
  2 howler monkey zombies
  6 adders
  4 shadow imps (D:11)
  A white imp (D:8)
  An adder skeleton (D:2)
  3 worms
  3 dart slugs
  46 orcs
  3 endoplasms (D:1)
  5 giant cockroaches
  5 goblins
  6 hobgoblins
  6 jackals
  9 kobolds
  2 quokkas
  3 ball pythons
  7 bats
  2 frilled lizards
  8 rats
360 creatures vanquished.

Vanquished Creatures (others)
  30 foxfires
  26 fungi
  31 plants
  4 withered plants (D:11)
91 creatures vanquished.

Grand Total: 451 creatures vanquished

Notes
Turn   | Place    | Note
-------+----------+-------------------------------------------
     0 | D:1      | Armakuni the Human Wanderer began the quest for the Orb.
     0 | D:1      | Armakuni set off with the following items: a +0 shortbow,
                  | 22 arrows, a potion of curing, a +0 robe; and the following
                  | spell memorised: Magic Dart; and the following spells
                  | available to memorise: Call Imp, Blink, Slow, Conjure
                  | Flame, Mephitic Cloud
     0 | D:1      | Reached XP level 1. HP: 15/15 MP: 2/2
   278 | D:1      | Reached XP level 2. HP: 16/21 MP: 3/3
   299 | D:1      | Reached skill level 1 in Conjurations
   484 | D:1      | Reached XP level 3. HP: 23/27 MP: 5/5
  1350 | D:1      | Found a broken altar of Ashenzari.
  1471 | D:2      | Noticed Sigmund
  1709 | D:2      | Reached XP level 4. HP: 33/33 MP: 6/6
  2318 | D:2      | Reached skill level 2 in Conjurations
  2391 | D:3      | Noticed Ijyb
  2478 | D:3      | Killed Ijyb
  2567 | D:3      | Reached XP level 5. HP: 38/39 MP: 8/8
  2605 | D:3      | Found a basalt altar of Yredelemnul.
  2648 | D:3      | Found a faded altar of an unknown god.
  2751 | D:3      | Noticed Grinder
  3006 | D:3      | Found a runed translucent door.
  3007 | D:3      | Noticed Crazy Yiuf
  3014 | D:3      | Learned a level 3 spell: Mephitic Cloud
  3017 | D:3      | Learned a level 2 spell: Blink
  3924 | D:4      | Found an iron altar of Okawaru.
  4877 | D:4      | Noticed a two-headed ogre
  4896 | D:5      | Entered Level 5 of the Dungeon
  4942 | D:5      | Reached skill level 3 in Conjurations
  4942 | D:5      | Reached XP level 6. HP: 42/46 MP: 10/10
  4944 | D:5      | Found a staircase to the Ecumenical Temple.
  4972 | Temple   | Entered the Ecumenical Temple
  5116 | D:5      | Noticed an ogre
  5314 | D:5      | Noticed an ice beast
  5530 | D:3      | Killed an ogre
  5531 | D:3      | Reached skill level 4 in Conjurations
  5531 | D:3      | Reached XP level 7. HP: 51/51 MP: 9/12
  5540 | D:3      | Learned a level 3 spell: Conjure Flame
  5852 | D:3      | Killed Crazy Yiuf
  6118 | D:5      | Reached skill level 5 in Conjurations
  6146 | D:5      | Reached skill level 5 in Spellcasting
  6146 | D:5      | Reached XP level 8. HP: 45/57 MP: 15/15
  6221 | D:5      | Found a faded altar of an unknown god.
  6221 | D:5      | Found a hazy altar of Hepliaklqana.
  6229 | D:5      | Found a faded altar of an unknown god.
  6561 | D:5      | Reached skill level 6 in Conjurations
  6655 | D:5      | Noticed Menkaure
  6669 | D:5      | Killed Menkaure
  7122 | D:6      | Noticed Pikel
  7284 | D:6      | Killed Pikel
  7285 | D:6      | Reached skill level 7 in Conjurations
  7285 | D:6      | Reached XP level 9. HP: 41/62 MP: 13/19
  7465 | D:6      | Noticed Blork the orc
  7480 | D:6      | Killed Blork the orc
  7712 | D:6      | Reached skill level 8 in Conjurations
  7835 | D:6      | Noticed Edmund
  7871 | D:6      | Killed Edmund
  7925 | D:6      | Found Qiahole Idghu's Jewellery Boutique.
  8431 | D:7      | Noticed Joseph
  8453 | D:7      | Killed Joseph
  8454 | D:7      | Reached skill level 9 in Conjurations
  8454 | D:7      | Reached XP level 10. HP: 29/69 MP: 17/22
  8738 | D:7      | Identified the +1 leather armour "Risiuniw" {Rampage rN+}
  9915 | D:8      | Noticed a moth of wrath
  9918 | D:8      | Found a bloodstained altar of Trog.
 10052 | D:9      | Reached skill level 10 in Conjurations
 10145 | D:9      | Noticed Erolcha
 10198 | D:9      | Killed Erolcha
 10199 | D:9      | Reached skill level 10 in Spellcasting
 10296 | D:9      | Found a stormy altar of Qazlal.
 10349 | D:9      | Found a shadowy altar of Dithmenos.
 10584 | D:9      | Reached XP level 11. HP: 74/74 MP: 25/25
 10642 | D:9      | Found a radiant altar of Vehumet.
 10652 | D:9      | Became a worshipper of Vehumet
 10797 | D:9      | Found an opulent altar of Gozag.
 10798 | D:9      | Found a shimmering blue altar of Sif Muna.
 10902 | D:10     | Entered Level 10 of the Dungeon
 10902 | D:10     | Found a snail-covered altar of Cheibriados.
 10919 | D:10     | Noticed a two-headed ogre
 10934 | D:10     | Found a staircase to the Orcish Mines.
 10938 | D:10     | Noticed a manticore
 10938 | D:10     | Killed a two-headed ogre
 10939 | D:10     | Reached skill level 1 in Staves
 10939 | D:10     | Reached skill level 1 in Dodging
 10942 | D:10     | Found a hide-covered altar of Uskayaw.
 10955 | D:10     | Killed a manticore
 10956 | D:10     | Reached skill level 5 in Evocations
 11105 | D:10     | Identified the ring of Gumyat {Fly rElec rN+++ Will+ Int-3}
 11117 | D:10     | Reached * piety under Vehumet
 11117 | D:10     | Offered knowledge of Foxfire by Vehumet.
 11122 | D:9      | Learned a level 1 spell: Foxfire
 11269 | D:10     | Identified the +6 dire flail of the Final Nightmares
                  | {freeze, rPois rC- Int+2}
 11465 | D:10     | Found an ornate altar of the Wu Jian Council.
 11699 | Orc:1    | Entered Level 1 of the Orcish Mines
 11892 | D:11     | Reached skill level 1 in Fire Magic
 12136 | D:11     | Noticed a two-headed ogre
 12154 | D:11     | Killed a two-headed ogre
 12340 | D:11     | Noticed a manticore
 12368 | D:11     | Reached ** piety under Vehumet
 12407 | D:11     | Offered knowledge of Static Discharge by Vehumet.
 12434 | D:11     | Found a staircase to the Lair.
 12447 | D:11     | Reached skill level 5 in Armour
 12467 | D:11     | Killed a manticore
 12500 | D:11     | Reached XP level 12. HP: 43/84 MP: 26/26
 12550 | D:11     | Reached skill level 5 in Dodging
 12587 | D:11     | Reached skill level 5 in Fighting
 12668 | D:11     | Noticed Grum
 12688 | D:11     | Killed Grum
 12912 | D:11     | Found Inerch's CLEARANCE SALE! EVERYTHING MUST GO!.
 12920 | D:11     | Bought a book of Iron for 216 gold pieces
 12928 | D:11     | Learned a level 6 spell: Iron Shot
 12983 | D:12     | Reached skill level 1 in Earth Magic
 13171 | D:12     | Noticed a two-headed ogre
 13212 | Lair:1   | Entered Level 1 of the Lair of Beasts
 13293 | Lair:1   | Offered knowledge of Searing Ray by Vehumet.
 13297 | Lair:1   | Learned a level 2 spell: Searing Ray
 13710 | Lair:1   | Reached skill level 5 in Earth Magic
 14012 | Lair:1   | Reached *** piety under Vehumet
 14478 | Lair:2   | Noticed an eight-headed hydra
 14801 | Lair:2   | Offered knowledge of Sticky Flame by Vehumet.
 14835 | Lair:2   | Learned a level 4 spell: Sticky Flame
 14853 | Lair:2   | Noticed a six-headed hydra
 14862 | Lair:2   | Killed a six-headed hydra
 14863 | Lair:2   | Reached XP level 13. HP: 91/91 MP: 15/27
 15014 | Lair:2   | Noticed Fannar
 15025 | Lair:2   | Killed Fannar
 15026 | Lair:2   | Reached skill level 10 in Earth Magic
 15175 | Lair:2   | Got the Papyrus of Bewitchment
 15211 | Lair:2   | Found a staircase to the Shoals.
 15247 | Lair:2   | Found a hole to the Spider Nest.
 15360 | Lair:2   | Killed an eight-headed hydra
 15799 | Lair:2   | Reached skill level 11 in Conjurations
 16233 | Lair:3   | Reached skill level 12 in Conjurations
 16773 | Lair:3   | You fall into a shaft and drop 2 floors!
 16788 | Lair:5   | Reached **** piety under Vehumet
 16864 | Lair:5   | Noticed a four-headed hydra
 16878 | Lair:5   | Killed a four-headed hydra
 17055 | Lair:4   | Identified a scroll of acquirement
 17056 | Lair:4   | Acquired the Handbook of Stones and Evil Rites
 17060 | Lair:4   | Noticed Rupert
 17062 | Lair:4   | Paralysed by Rupert for 4 turns
 17534 | Lair:4   | Offered knowledge of Iskenderun's Battlesphere by Vehumet.
 17535 | Lair:4   | Reached skill level 13 in Conjurations
 17569 | Lair:4   | Noticed a six-headed hydra
 17575 | Lair:4   | Killed a six-headed hydra
 17628 | Lair:3   | Slain by Rupert

Illustrated notes

Levels and vault maps discovered:
D:1:      dpeg_arrival_water_altar, layout_loops_cross, minmay_tree_intersection
D:2:      layout_basic, uniq_sigmund
D:3:      layout_loops_ring, lemuel_doored_altar,
          ebering_ecumenical_altar_sacrificial, uniq_crazy_yiuf_cottage,
          uniq_grinder, uniq_ijyb
D:4:      layout_gridville, lemuel_coloured_pillars_altar,
          chequers_ossuary_entry_cave
D:5:      layout_basic, nicolae_hepliaklqana_ecumenical_no_more,
          minmay_temple_entry_proselytizer, minmay_crystal_room,
          minmay_pentangle, uniq_menkaure
D:6:      layout_gridville, serial_shops, shop, uniq_edmund, uniq_blork_the_orc,
          uniq_pikel
D:7:      layout_loops_ring, uniq_joseph
D:8:      layout_basic, tgw_trog
D:9:      layout_rooms, mainiacjoe_overflow_alcove_4,
          nicolae_qazlal_scattered_showers,
          chequers_temple_overflow_statue_of_worship, hangedman_glass_teeth,
          uniq_erolcha
D:10:     layout_rooms, nicolae_uskayaw_suspiria, nzn_wu_jian_council_hall,
          kennysheep_slug_shrine, orc_0_dummy
D:11:     cheibrodos_grave_circle, layout_long_grid,
          grunt_lair_entry_orc_guard_hut, chequers_serial_rivers_micro_e,
          hangedman_abyss_or_decor_lesser_grid, nicolae_shop_clearance,
          uniq_grum
D:12:     layout_loops_cross
Temple:   cyrus_temple_forest
Lair:1:   layout_cave_pods, lemuel_fruit_fields, grunt_megastairs_4
Lair:2:   layout_chaotic_city, elwin_shoals_entry_rocks,
          spider_nest_entry_web_field, st_stairs_7,
          nicolae_quartered_pool_super, uniq_fannar
Lair:3:   layout_regular_city, guppyfry_lair_drakes
Lair:4:   layout_gridlike, nicolae_volcano_entry_lava_flow, disabler_island,
          minmay_lair_oklob_chamber, grunt_megastairs_5, uniq_rupert
Lair:5:   layout_roguey, slime_dummy, chequers_serial_rivers_micro_c,
          serial_bayou_shore_b, grunt_megastairs_1
Orc:1:    orc_temple, layout_caves

Skill      XL: |  1  2  3  4  5  6  7  8  9 10 11 12 13 |
---------------+----------------------------------------+-----
Conjurations   | 1 2 3 4 5 7 9 10 13 | 13.2
Fighting       | 2 4 5 |  5.2
Spellcasting   | 2 3 5 7 8 10 | 10.0
Evocations     | 4 5 |  5.0
Staves         | 3 4 |  4.2
Dodging        | 4 5 |  5.0
Armour         | 5 |  5.0
Fire Magic     | 3 |  3.0
Earth Magic    | 9 10 | 10.0
Bows           | |  2.0
Stealth        | |  1.0
Summonings     | |  2.0

Action                   |  1- 3 |  4- 6 |  7- 9 | 10-12 | 13-15 || total
-------------------------+-------+-------+-------+-------+-------++-------
Melee: Dagger            |       |    32 |       |       |       ||    32
       Quarterstaff      |       |       |   179 |   497 |    18 ||   694
       Whip              |       |       |    21 |       |       ||    21
 Fire: Shortbow          |   111 |    97 |    48 |     4 |       ||   260
       Hand crossbow     |       |       |       |    76 |       ||    76
Throw: Throwing net      |       |       |       |     1 |       ||     1
 Cast: Magic Dart        |       |    76 |    26 |    60 |       ||   162
       Mephitic Cloud    |       |     1 |    20 |    56 |     1 ||    78
       Blink             |       |     1 |     3 |     3 |     1 ||     8
       Conjure Flame     |       |       |     2 |    12 |       ||    14
       Foxfire           |       |       |       |    15 |       ||    15
       Searing Ray       |       |       |       |    45 |    38 ||    83
       Iron Shot         |       |       |       |     3 |    23 ||    26
       Sticky Flame      |       |       |       |       |    25 ||    25
Evoke: Wand              |       |       |     7 |    18 |    12 ||    37
  Use: Scroll            |       |     7 |     5 |    21 |     9 ||    42
       Potion            |       |     5 |     1 |     4 |     2 ||    12
 Stab: Paralysed         |       |       |    11 |     7 |       ||    18
       Confused          |       |       |     5 |    10 |       ||    15
       Invisible         |       |       |     1 |       |       ||     1
Armor: Robe              |    12 |    17 |    38 |       |       ||    67
       Skin              |       |    19 |       |       |       ||    19
       Leather armour    |       |       |    21 |    52 |       ||    73
       Troll leather arm |       |       |       |   277 |   105 ||   382
Dodge: Dodged            |    36 |    91 |   137 |   742 |   135 ||  1141
